 Dungeon Crawl Stone Soup version 0.26-a0-602-gd42a14c23b (webtiles) character file.

Game seed: 7692532126202781147

177 ANON1729 the Sneak (level 5, -10/37 HPs)
             Began as an Octopode Delver on Aug 30, 2020.
             Splashed by Ijyb's acid (11 damage)
             ... on level 3 of the Dungeon.
             The game lasted 00:03:52 (3005 turns).

ANON1729 the Sneak (Octopode Delver)                Turns: 3005, Time: 00:03:52

Health: -10/37     AC: -3    Str: 13    XL:     5   Next: 57%
Magic:  5/5        EV: 11    Int: 12    God:
Gold:   190        SH:  7    Dex: 13    Spells: 4/4 levels left

rFire    . . .     SeeInvis .     - Unarmed
rCold    . . .     Faith    .   i - +0 kite shield
rNeg     . . .     Spirit   .   (helmet restricted)
rPois    .         Reflect  .   (no amulet)
rElec    .         Harm     .   (no ring)
rCorr    .                      (no ring)
MR       .....                  (no ring)
Stlth    ++++......             (no ring)
HPRegen  0.12/turn              (no ring)
MPRegen  0.09/turn              (no ring)
                                (no ring)
                                (no ring)

@: corroded
A: almost no armour, stealthy swim, amphibious, 8 rings, constrict 8, camouflage
1, gelatinous body 1
a: no special abilities


You were on level 3 of the Dungeon.
You visited 1 branch of the dungeon, and saw 5 of its levels.

You collected 190 gold pieces.

Inventory:

Armour
 i - a +0 kite shield (worn)
Wands
 e - a wand of digging (3)
 r - a wand of random effects (8)
Scrolls
 a - a scroll of fog
 b - a scroll of magic mapping
 c - 2 scrolls of fear
 h - 4 scrolls of identify {unknown}
 j - a scroll of enchant armour {unknown}
 k - a scroll of remove curse {unknown}
 m - 2 scrolls of blinking {unknown}
 p - a scroll of noise {unknown}
 q - a scroll of teleportation {unknown}
 s - a scroll of immolation {unknown}
Potions
 d - a potion of haste
 f - 2 potions of heal wounds {unknown}
 g - 2 potions of might {unknown}
 l - 3 potions of lignification {unknown}
 n - 2 potions of brilliance {unknown}
 o - a potion of ambrosia {unknown}


   Skills:
 + Level 3.9 Fighting
 + Level 3.2 Dodging
 - Level 7.0 Stealth
 + Level 1.7 Shields
 + Level 3.3 Unarmed Combat


You had 4 spell levels left.
You didn't know any spells.
Your spell library was empty.

Dungeon Overview and Level Annotations

Branches:
Dungeon (5/15)
 Temple: D:4-7

Altars:
Xom

Annotations:
D:3 Grinder, Ijyb
D:4 Dowan, Duvessa, Edmund
D:5 exclusions: door and zombie


Innate Abilities, Weirdness & Mutations

You cannot wear most types of armour.
You are very stealthy in the water. (Stealth+)
You are amphibious.
You can wear up to eight rings at the same time.
You can use your tentacles to constrict eight enemies at once.
Your skin changes colour to match your surroundings (Stealth+).
Your rubbery body absorbs attacks. (AC +1, EV +1)


Message History

The rat barely misses you.
Ijyb screams, "Level is mine!
All mine!"
The rat closely misses you. The rat bites you. The rat closely misses you.
There is a stone staircase leading down here.
The rat bites you.
Ijyb zaps a wand.
The bolt of acid hits the rat.
The rat is splashed with acid.
The acid corrodes the rat!
The rat dies!
The bolt of acid misses you.
Evoke which item? (* to show all) (? for menu, Esc to quit)
Aiming: Random Effects
Press: ? - help, Shift-Dir - straight line, f/p - Ijyb
Aim: Ijyb, wielding a +1 spectral club, wearing a +1 leather armour of poison resistance and carrying a wand of acid (5) (heavily wounded, heavily drained) Ijyb looks slightly unstable.
You are no longer corroded.
Ijyb zaps a wand.
The bolt of acid hits you!
* * * LOW HITPOINT WARNING * * *
The acid corrodes you!
You are splashed with acid!
You die...

### ..# ####
#.# #.. .# #.#
#.# #.#
#@###.##### #.#
#^†g(.....###.#
#.###..(......#
...#
#..##.###.#
#####
#..##.###.#
#g(.......# #.
##..†.###.# #.
#K#### #.####
#.# #.....


You could see Ijyb (drained) and a +1 spectral club (summoned).

Vanquished Creatures
  A scorpion (D:3)
  An iguana (D:4)
  A mummy (D:4)
  4 adders
  3 dart slugs
  A leopard gecko (D:2)
  An orc (D:4)
  2 ball pythons
  6 bats
  2 goblins
  7 hobgoblins (D:1)
  A jackal (D:1)
  A quokka (D:3)
  4 frilled lizards (D:1)
  4 hobgoblin zombies (D:4)
  A jackal skeleton (D:4)
  3 kobolds
  A quokka zombie (D:4)
  4 rats
48 creatures vanquished.

Vanquished Creatures (others)
  A rat (D:3)
1 creature vanquished.

Grand Total: 49 creatures vanquished

Notes
Turn   | Place    | Note
-------+----------+-------------------------------------------
     0 | D:5      | ANON1729 the Octopode Delver began the quest for the Orb.
     0 | D:5      | Reached XP level 1. HP: 16/16 MP: 1/1
    65 | D:5      | Noticed a scorpion
   207 | D:4      | Reached XP level 2. HP: 21/21 MP: 2/2
   346 | D:4      | Reached XP level 3. HP: 18/26 MP: 3/3
   457 | D:4      | Reached skill level 7 in Stealth
   677 | D:4      | Reached XP level 4. HP: 13/31 MP: 4/4
   982 | D:4      | Noticed Edmund
  1110 | D:4      | Noticed Duvessa
  1110 | D:4      | Noticed Dowan
  1659 | D:1      | Reached skill level 1 in Shields
  2360 | D:2      | Found a shimmering altar of Xom.
  2747 | D:3      | Reached XP level 5. HP: 32/37 MP: 5/5
  2907 | D:3      | Noticed Grinder
  2986 | D:3      | Noticed Ijyb
  3005 | D:3      | HP: 1/37 [Ijyb/bolt of acid (13)]
  3005 | D:3      | Splashed by Ijyb's acid

Illustrated notes

Levels and vault maps discovered:
D:1:      lemuel_arrival_muddy, layout_loops_ring, minmay_indecisive_spiral
D:2:      layout_basic, xom_butterflies
D:3:      layout_loops_corners, minmay_misc_feat_cross,
          kennysheep_generic_room_4, uniq_grinder, uniq_ijyb
D:4:      layout_basic, minmay_mini_ossuary, uniq_edmund, uniq_duvessa
D:5:      layout_basic, dk_noncrumbling_4

Skill      XL: |  1  2  3  4 |
---------------+-------------+-----
Stealth        | 7 |  7.0
Shields        | 1 |  1.7
Unarmed Combat | 3 |  3.3
Dodging        | 3 |  3.2
Fighting       | |  3.9

Action                   |  1- 3 |  4- 6 || total
-------------------------+-------+-------++-------
Melee: Unarmed           |    33 |    68 ||   101
       Constrict         |    10 |    24 ||    34
       Tentacles         |     8 |    10 ||    18
       Punch             |       |     3 ||     3
Evoke: Wand              |       |     7 ||     7
 Stab: Sleeping          |     2 |    18 ||    20
       Distracted        |       |     1 ||     1
Armor: Skin              |       |     6 ||     6
Dodge: Dodged            |    27 |    30 ||    57
Block: Kite shield       |     1 |    23 ||    24

Table legend: (Time is in decaauts)
 A = Elapsed time spent in this place.
 B = Non-inter-level travel time spent in this place.
 C = Inter-level travel time spent in this place.
 D = Time resting spent in this place.
 E = Time spent auto-exploring this place.
 F = Levels seen in this place.
 G = Mean time per level.
                   A        B        C        D        E       F      G
               +--------+--------+--------+--------+--------+-----+--------+
         Total |   3006 |   2893 |    113 |    832 |   1652 |   5 |  601.2 |
       Dungeon |   3006 |   2893 |    113 |    832 |   1652 |   5 |  601.2 |
               +--------+--------+--------+--------+--------+-----+--------+

Top non-repeatable levels by time:
     D:4: 1152 daAuts
     D:2: 789 daAuts
     D:1: 651 daAuts
     D:3: 309 daAuts
     D:5: 103 daAuts
